 Dungeon Crawl Stone Soup version 0.29-a0-414-g5075937ec3 (webtiles) character file.

Game seed: 3076753747523483162

623 zazu2006 the Covered (level 7, -9/52 HPs)
             Began as a Gnoll Wanderer on May 16, 2022.
             Killed by nerve-wracking pain
             ... invoked by Menkaure
              (13 damage)
             ... on level 4 of the Dungeon.
             The game lasted 00:11:57 (4714 turns).

zazu2006 the Covered (Gnoll Wanderer)               Turns: 4714, Time: 00:11:57

Health: -9/52      AC:  8    Str: 10    XL:     7   Next: 47%
Magic:  21/21      EV: 11    Int: 11    God:
Gold:   119        SH:  0    Dex: 15    Spells: 9/13 levels left

rFire   + . .      SeeInvis .   z - +0 falchion (holy)
rCold   . . .      Faith    .   (no shield)
rNeg    . . .      Spirit   .   t - +2 ring mail {rF+}
rPois   .          Reflect  .   (no helmet)
rElec   .          Harm     .   (no cloak)
rCorr   .          Rampage  .   (no gloves)
Will    .....                   (no boots)
Stlth   +.........              n - amulet of magic regeneration
HPRegen 0.17/turn               w - ring of magical power
MPRegen 0.57/turn               (no ring)

@: no status effects
A: fangs 1, strong nose, distributed training
a: no special abilities


You were on level 4 of the Dungeon.
You visited 1 branch of the dungeon, and saw 5 of its levels.

You collected 189 gold pieces.
You spent 70 gold pieces at shops.

Inventory:

Hand Weapons
 a - a +2 hunting sling
 z - a +0 falchion of holy wrath (weapon)
Missiles
 f - 128 stones
 g - 9 poisoned darts
 u - 2 silver boomerangs
Armour
 t - a +2 ring mail of fire resistance (worn)
Jewellery
 n - an amulet of magic regeneration (around neck)
 v - a ring of ice
 w - a ring of magical power (left hand)
Wands
 A - a wand of iceblast (3)
Scrolls
 b - 2 scrolls of amnesia {unknown}
 h - a scroll of identify {unknown}
 i - 4 scrolls of noise {unknown}
 j - a scroll of brand weapon {unknown}
 o - a scroll of silence {unknown}
 q - a scroll of teleportation {unknown}
 x - 2 scrolls of enchant armour {unknown}
 y - a scroll of magic mapping {unknown}
Potions
 d - 4 potions of mutation {unknown}
 e - 2 potions of flight {unknown}
 k - 3 potions of haste {unknown}
 l - 2 potions of degeneration {unknown}
 m - 2 potions of brilliance {unknown}
 p - a potion of invisibility
 r - 2 potions of might {unknown}
 s - a potion of heal wounds


   Skills:
 + Level 3.6 Fighting
 + Level 2.5 Short Blades
 + Level 2.5 Long Blades
 + Level 2.5 Axes
 + Level 2.5 Maces & Flails
 + Level 2.5 Polearms
 + Level 2.5 Staves
 + Level 5.2 Slings
 + Level 2.5 Bows
 + Level 2.5 Crossbows
 + Level 2.5 Throwing
 + Level 5.2 Armour
 + Level 3.6 Dodging
 + Level 2.5 Stealth
 + Level 2.5 Shields
 + Level 2.5 Unarmed Combat
 + Level 3.8 Spellcasting
 + Level 2.0 Conjurations
 + Level 2.0 Hexes
 + Level 2.0 Summonings
 + Level 2.0 Necromancy
 + Level 2.0 Translocations
 + Level 2.0 Transmutations
 + Level 2.0 Fire Magic
 + Level 4.3 Ice Magic
 + Level 2.0 Air Magic
 + Level 2.0 Earth Magic
 + Level 2.0 Poison Magic
 + Level 2.8 Invocations
 + Level 3.6 Evocations


You had 9 spell levels left.
You knew the following spells:

 Your Spells              Type           Power      Damage    Failure   Level
a - Freeze                Ice            44%        1d6       10%         1
b - Stone Arrow           Conj/Erth      12%        3d7       58%         3

Your spell library contained the following spells:

 Spells                   Type           Power      Damage    Failure   Level
 Sandblast                Erth           12%        2d6       24%         1
 Ozocubu's Armour         Ice            11%        N/A       28%         3
 Passwall                 Tmut/Erth      5%         N/A       36%         2
 Fireball                 Conj/Fire      3%         3d4       100%        5
 Iskenderun's Battlesphe  Conj           6%         2d6       100%        5
 Conjure Ball Lightning   Conj/Air       3%         3x3d6     100%        6
 Orb of Destruction       Conj           3%         9d5       100%        7


Dungeon Overview and Level Annotations

Branches:
Dungeon (5/15)
 Temple: D:4-7

Altars:

Shops:
D:2 !

Annotations:
D:4 Menkaure


Innate Abilities, Weirdness & Mutations

You have very sharp teeth.
Your uncanny sense of smell can sniff out nearby items.
Your experience applies equally to all skills.


Message History

Unknown command.
You see here a +0 whip.
You see here a +0 halberd.
Found an escape hatch in the ceiling.
f - 128 stones (gained 18)
There is an escape hatch in the ceiling here.
You see here a +0 spear.
Things that are here:
a +0 flail; a gnoll skeleton Menkaure, Prince of Dust comes into view.
Your +0 falchion of holy wrath softly glows with a divine radiance!
z - a +0 falchion of holy wrath (weapon)
Menkaure shouts!
Menkaure calls on the powers of darkness!
Your body is wracked with pain!
Found a stone staircase leading down.
Menkaure hits you!
* * * LOW HITPOINT WARNING * * *
You hit Menkaure.
Menkaure convulses.
Menkaure is moderately damaged.
Menkaure hits you!
* * * LOW HITPOINT WARNING * * *
You feel better.
You feel better. Menkaure hits you.
* * * LOW HITPOINT WARNING * * *
You barely miss Menkaure.
Menkaure is moderately damaged.
Menkaure closely misses you.
You hit Menkaure.
Menkaure convulses.
Menkaure is heavily damaged.
Menkaure barely misses you.
You hit Menkaure.
Menkaure convulses.
You bite Menkaure, but do no damage.
Menkaure is severely damaged.
Menkaure gestures at you while chanting.
Pain shoots through your body!
* * * LOW HITPOINT WARNING * * *
You hit Menkaure.
Menkaure convulses.
Menkaure is almost destroyed.
Menkaure gestures at you while chanting.
Pain shoots through your body!
You die...

#..# #..#
#..# #..#
#..# #..#
...#
########..#
..##
..........#
..#
#########.#
..##### #.#
.>......
########.#
########
>.....M@.#
#
##########
# . #


You could see Menkaure.

Vanquished Creatures
  A black bear (D:4)
  A phantom (D:3)
  2 scorpions (D:4)
  A howler monkey (D:4)
  An iguana (D:4)
  Natasha (twice) (D:2)
  An orc wizard (D:3)
  4 gnolls (D:4)
  7 adders
  2 worms
  2 dart slugs
  8 orcs (D:3)
  4 ball pythons
  6 bats
  3 endoplasms
  7 giant cockroaches
  6 goblins
  6 hobgoblins
  2 jackals (D:4)
  6 quokkas
  6 frilled lizards
  9 kobolds
  9 rats
96 creatures vanquished.

Notes
Turn   | Place    | Note
-------+----------+-------------------------------------------
     0 | D:1      | zazu2006 the Gnoll Wanderer began the quest for the Orb.
     0 | D:1      | zazu2006 set off with the following items: a +2 hunting
                  | sling, a +0 scale mail, a potion of curing; and the
                  | following spell memorised: Freeze; and the following spells
                  | available to memorise: Ozocubu's Armour
     0 | D:1      | Reached XP level 1. HP: 17/17 MP: 4/4
   107 | D:1      | Reached XP level 2. HP: 23/23 MP: 5/5
   649 | D:1      | Reached XP level 3. HP: 28/28 MP: 7/7
   653 | D:1      | Found a faded altar of an unknown god.
   983 | D:2      | Reached skill level 1 in Invocations
  1067 | D:2      | Noticed Natasha
  1077 | D:2      | HP: 1/28 [Natasha (2)]
  1080 | D:2      | Killed Natasha
  1081 | D:2      | Reached skill level 1 in Short Blades
  1081 | D:2      | Reached skill level 1 in Long Blades
  1081 | D:2      | Reached skill level 1 in Axes
  1081 | D:2      | Reached skill level 1 in Maces & Flails
  1081 | D:2      | Reached skill level 1 in Polearms
  1081 | D:2      | Reached skill level 1 in Staves
  1081 | D:2      | Reached skill level 1 in Bows
  1081 | D:2      | Reached skill level 1 in Crossbows
  1081 | D:2      | Reached skill level 1 in Throwing
  1081 | D:2      | Reached skill level 1 in Stealth
  1081 | D:2      | Reached skill level 1 in Shields
  1081 | D:2      | Reached skill level 1 in Unarmed Combat
  1081 | D:2      | Reached XP level 4. HP: 2/34 MP: 8/8
  1671 | D:2      | Noticed Natasha
  1680 | D:2      | Killed Natasha
  1681 | D:2      | Reached skill level 1 in Conjurations
  1681 | D:2      | Reached skill level 1 in Hexes
  1681 | D:2      | Reached skill level 1 in Summonings
  1681 | D:2      | Reached skill level 1 in Necromancy
  1681 | D:2      | Reached skill level 1 in Translocations
  1681 | D:2      | Reached skill level 1 in Transmutations
  1681 | D:2      | Reached skill level 1 in Fire Magic
  1681 | D:2      | Reached skill level 1 in Air Magic
  1681 | D:2      | Reached skill level 1 in Earth Magic
  1681 | D:2      | Reached skill level 1 in Poison Magic
  1862 | D:2      | Learned a level 3 spell: Stone Arrow
  2102 | D:2      | Reached XP level 5. HP: 40/40 MP: 9/9
  2198 | D:2      | Found Xuikum's Distillery.
  2206 | D:2      | Bought a potion of heal wounds for 70 gold pieces
  2347 | D:3      | Noticed a phantom
  2364 | D:3      | Killed a phantom
  2415 | D:3      | Reached XP level 6. HP: 35/47 MP: 9/11
  3501 | D:4      | Reached skill level 5 in Slings
  3501 | D:4      | Reached skill level 5 in Armour
  4027 | D:4      | Noticed a black bear
  4033 | D:4      | Killed a black bear
  4034 | D:4      | Reached XP level 7. HP: 33/52 MP: 12/12
  4334 | D:5      | Entered Level 5 of the Dungeon
  4703 | D:4      | Noticed Menkaure
  4708 | D:4      | HP: 1/52 [Menkaure (11)]
  4714 | D:4      | Killed from afar by Menkaure

Illustrated notes

Levels and vault maps discovered:
D:1:      onia_arrival_mini_spirals, layout_rooms,
          ebering_ecumenical_altar_rust, minmay_tetromino_t4
D:2:      layout_basic, serial_shops, shop, uniq_natasha
D:3:      layout_basic
D:4:      layout_loops_ring, uniq_menkaure
D:5:      layout_gridville, chequers_temple_overflow_minitemple,
          uniq_prince_ribbit1

Skill      XL: |  1  2  3  4  5  6  7 |
---------------+----------------------+-----
Invocations    | 1 2 |  2.8
Short Blades   | 1 2 |  2.5
Long Blades    | 1 2 |  2.5
Axes           | 1 2 |  2.5
Maces & Flails | 1 2 |  2.5
Polearms       | 1 2 |  2.5
Staves         | 1 2 |  2.5
Bows           | 1 2 |  2.5
Crossbows      | 1 2 |  2.5
Throwing       | 1 2 |  2.5
Stealth        | 1 2 |  2.5
Shields        | 1 2 |  2.5
Unarmed Combat | 1 2 |  2.5
Spellcasting   | 3 |  3.8
Conjurations   | 1 2 |  2.0
Hexes          | 1 2 |  2.0
Summonings     | 1 2 |  2.0
Necromancy     | 1 2 |  2.0
Translocations | 1 2 |  2.0
Transmutations | 1 2 |  2.0
Fire Magic     | 1 2 |  2.0
Air Magic      | 1 2 |  2.0
Earth Magic    | 1 2 |  2.0
Poison Magic   | 1 2 |  2.0
Fighting       | 3 |  3.6
Dodging        | 3 |  3.6
Ice Magic      | 4 |  4.3
Evocations     | 3 |  3.6
Slings         | 5 |  5.2
Armour         | 5 |  5.2

Action                   |  1- 3 |  4- 6 |  7- 9 || total
-------------------------+-------+-------+-------++-------
Melee: Unarmed           |     3 |       |       ||     3
       Short sword       |    33 |    52 |       ||    85
       Bite              |     2 |    17 |     1 ||    20
       Falchion          |       |    86 |     5 ||    91
       Punch             |       |     4 |       ||     4
 Fire: Hunting sling     |    65 |   130 |    46 ||   241
Evoke: Wand              |       |     3 |       ||     3
  Use: Potion            |       |     1 |     2 ||     3
Armor: Scale mail        |    47 |    36 |       ||    83
       Ring mail         |       |    80 |     8 ||    88
Dodge: Dodged            |    39 |   133 |    19 ||   191

Table legend: (Time is in decaauts)
 A = Elapsed time spent in this place.
 B = Non-inter-level travel time spent in this place.
 C = Inter-level travel time spent in this place.
 D = Time resting spent in this place.
 E = Time spent auto-exploring this place.
 F = Levels seen in this place.
 G = Mean time per level.
                   A        B        C        D        E       F      G
               +--------+--------+--------+--------+--------+-----+--------+
         Total |   4858 |   4817 |     41 |     83 |   3783 |   5 |  971.6 |
       Dungeon |   4858 |   4817 |     41 |     83 |   3783 |   5 |  971.6 |
               +--------+--------+--------+--------+--------+-----+--------+

Top non-repeatable levels by time:
     D:2: 1477 daAuts
     D:4: 1262 daAuts
     D:3: 1198 daAuts
     D:1: 914 daAuts
     D:5: 5 daAuts
